 Dungeon Crawl Stone Soup version 0.26.0-10-g1f06aea511 (webtiles) character file.

Game seed: 12094251787184503584

177 Arum the Shield-Bearer (level 5, 0/43 HPs)
             Began as a Formicid Fighter on Jan 21, 2021.
             Was an Initiate of the Shining One.
             Killed by nerve-wracking pain
             ... invoked by an orc priest
              (6 damage)
             ... on level 4 of the Dungeon.
             The game lasted 00:03:03 (3061 turns).

Arum the Shield-Bearer (Formicid Fighter)           Turns: 3061, Time: 00:03:04

Health: 0/43       AC:  7    Str: 22    XL:     5   Next: 88%
Magic:  5/5        EV:  9    Int:  7    God:    the Shining One [......]
Gold:   139        SH:  5    Dex: 10    Spells: 4/4 levels left

rFire    . . .     SeeInvis +   n - +0 hand axe
rCold    . . .     Faith    .   i - +0 buckler
rNeg     . . .     Spirit   .   b - +0 scale mail
rPois    .         Reflect  .   (helmet unavailable)
rElec    .         Harm     .   (no cloak)
rCorr    .         Rampage  .   (no gloves)
Will     .....                  (no boots)
Stlth    ..........             (no amulet)
HPRegen  0.14/turn              (no ring)
MPRegen  0.09/turn              (no ring)

@: lethally poisoned (0 -> -1), glowing
A: permanent stasis, dig shafts and tunnels, four strong arms, antennae 3
a: Dig, Shaft Self, Renounce Religion


You were on level 4 of the Dungeon.
You worshipped the Shining One.
The Shining One was noncommittal.
You visited 1 branch of the dungeon, and saw 4 of its levels.

You collected 139 gold pieces.

Inventory:

Hand Weapons
 a - a +0 war axe
 n - a +0 hand axe (weapon)
Missiles
 l - 6 silver javelins
Armour
 b - a +0 scale mail (worn)
 c - a +0 kite shield
 i - a +0 buckler (worn)
Wands
 o - a wand of acid (9)
Scrolls
 e - a scroll of enchant armour {unknown}
 h - 2 scrolls of identify {unknown}
 j - 5 scrolls of teleportation {unknown}
 m - a scroll of blinking {unknown}
 r - a scroll of immolation {unknown}
Potions
 d - 2 potions of might
 f - a potion of mutation {unknown}
 g - a potion of berserk rage {unknown}
 k - a potion of flight {unknown}
 p - a potion of brilliance {unknown}
 q - a potion of curing {unknown}


   Skills:
 + Level 4.3 Fighting
 + Level 3.2 Axes
 + Level 4.3 Armour
 + Level 4.9 Shields


You had 4 spell levels left.
You didn't know any spells.
Your spell library was empty.

Dungeon Overview and Level Annotations

Branches:
Dungeon (4/15)
 Temple: D:4-7

Altars:
Ru
Yredelemnul
The Shining One


Innate Abilities, Weirdness & Mutations

You cannot be hasted, slowed, berserked, paralysed or teleported.
You can dig through walls and to a lower floor.
Your four strong arms can wield two-handed weapons with a shield.
You have a pair of large antennae on your head. (SInv)


Message History

You hit the orc priest.
The orc priest is almost dead.
The orc priest hits you with a +0 hand axe.
* * * LOW HITPOINT WARNING * * *
Your scale mail prevents you from hitting the orc priest.
The orc priest is almost dead.
The orc priest hits you with a +0 hand axe.
* * * LOW HITPOINT WARNING * * *
You barely miss the orc priest.
The orc priest is almost dead.
You feel sick.
The orc priest hits you but does no damage.
You hit the orc priest.
The orc priest is almost dead.
You block the orc priest's attack.
You hit the orc priest but do no damage.
The orc priest is almost dead.
The orc priest mumbles some strange prayers to Beogh against you.
Pain shoots through your body!
You die...

#############
###...........######
#..................##
.#.###.####.........
#.# ##.####.# { #<#
#.# # #.# #.####.#
#.# #...@o# #.#
######.# #.# # #.#
..# #.# {


You could see an orc priest.

Vanquished Creatures
  An orc priest (D:3)
  An orc wizard (D:4)
  4 adders
  2 oozes
  3 worms
  4 leopard geckos
  3 orcs (D:3)
  11 bats
  4 giant cockroaches
  9 goblins
  8 hobgoblins
  A frilled lizard (D:1)
  4 kobolds
  A leopard gecko zombie (D:3)
  5 rats
61 creatures vanquished.

Notes
Turn   | Place    | Note
-------+----------+-------------------------------------------
     0 | D:1      | Arum the Formicid Fighter began the quest for the Orb.
     0 | D:1      | Reached XP level 1. HP: 18/18 MP: 1/1
   360 | D:1      | Reached XP level 2. HP: 22/24 MP: 2/2
   502 | D:1      | You fall into a shaft and drop 1 floor!
   514 | D:2      | Reached XP level 3. HP: 20/30 MP: 3/3
  1219 | D:2      | Found a sacrificial altar of Ru.
  1219 | D:2      | Found a basalt altar of Yredelemnul.
  1225 | D:2      | Found a faded altar of an unknown god.
  1227 | D:2      | Found a glowing golden altar of the Shining One.
  1228 | D:2      | Found a faded altar of an unknown god.
  1245 | D:2      | Became a worshipper of the Shining One
  1486 | D:2      | Reached XP level 4. HP: 37/37 MP: 4/4
  2445 | D:3      | Reached XP level 5. HP: 8/42 MP: 5/5
  3061 | D:4      | Killed from afar by an orc priest

Illustrated notes

Levels and vault maps discovered:
D:1:      minmay_arrival_three_doors, layout_loops_ring,
          minmay_misc_feat_ornament, minmay_tall_x
D:2:      layout_basic, chequers_temple_overflow_minitemple
D:3:      layout_basic
D:4:      layout_loops_ring, temple_hall, uniq_menkaure

Skill      XL: |  1  2  3  4 |
---------------+-------------+-----
Shields        | 4 |  4.9
Fighting       | 4 |  4.3
Armour         | 4 |  4.3
Axes           | 3 |  3.2

Action                   |  1- 3 |  4- 6 || total
-------------------------+-------+-------++-------
Melee: War axe           |    94 |    62 ||   156
       Hand axe          |       |    63 ||    63
 Abil: Dig               |     1 |       ||     1
Armor: Scale mail        |    49 |    63 ||   112
Dodge: Dodged            |    43 |    67 ||   110
Block: Kite shield       |    28 |       ||    28
       Buckler           |    10 |    24 ||    34
